 Dungeon Crawl Stone Soup version 0.30.1-9-gdf580d7c3d (webtiles) character file.

Game seed: 6375025486002462275

134 Woods the Magician (level 4, -3/24 HPs)
             Began as a Deep Elf Fire Elementalist on Oct 20, 2023.
             Killed by an exploding goblin (27 damage)
             ... ignited by their inner flame
             ... on level 3 of the Dungeon.
             The game lasted 00:06:16 (2929 turns).

Woods the Magician (Deep Elf Fire Elementalist)     Turns: 2929, Time: 00:06:18

Health: -3/24      AC:  2    Str:  5    XL:     4   Next: 95%
Magic:  4/12       EV: 18    Int: 22    God:
Gold:   164        SH:  0    Dex: 15    Spells: 2/11 levels left

rFire   . . .        (no weapon)
rCold   . . .        (no shield)
rNeg    . . .        a - +0 robe
rPois   .            (no helmet)
rElec   .            (no cloak)
rCorr   .            (no gloves)
SInv    .            (no boots)
Will    .....        (no amulet)
Stlth   +++          d - +5 ring of evasion
HPRegen 0.24/turn    (no ring)
MPRegen 0.13/turn

%: no passive effects
@: no status effects
A: no striking features
a: no special abilities


You were on level 3 of the Dungeon.
You visited 1 branch of the dungeon, and saw 3 of its levels.

You collected 164 gold pieces.

Inventory:

Armour
 a - a +0 robe (worn)
 m - the +3 buckler "City" {rElec Int+2 Stlth+}
   (You found it on level 2 of the Dungeon)

   Int:       It affects your intelligence (+2).
   rElec:     It insulates you from electricity.
   Stlth:     It makes you more stealthy.
Jewellery
 d - a +5 ring of evasion (left hand)
 l - a ring of ice
Wands
 n - a wand of flame (45)
 p - a wand of roots (13)
Scrolls
 e - a scroll of enchant armour {unknown}
 f - a scroll of teleportation {unknown}
 g - 2 scrolls of blinking {unknown}
 j - 3 scrolls of identify {unknown}
 k - a scroll of immolation {unknown}
 o - a scroll of summoning {unknown}
Potions
 b - a potion of magic
 c - 2 potions of brilliance {unknown}
 h - 5 potions of curing {unknown}
 i - a potion of heal wounds {unknown}


   Skills:
 + Level 3.4 Dodging
 + Level 3.7 Stealth
 + Level 4.1 Spellcasting
 + Level 2.4 Conjurations
 + Level 4.0 Fire Magic


You had 2 spell levels left.
You knew the following spells:

 Your Spells              Type           Power      Damage    Failure   Level
a - Foxfire               Conj/Fire      72%        2x1d7     3%          1
b - Scorch                Fire           44%        2d6       3%          2
c - Inner Flame           Hex/Fire       13%        N/A       14%         3
d - Volatile Blastmotes   Fire/Tloc      26%        2d12      14%         3

Your spell library contained the following spells:

 Spells                   Type           Power      Damage    Failure   Level
 Freeze                   Ice            16%        1d4       11%         1
 Hailstorm                Conj/Ice       9%         3d4       21%         3
 Flame Wave               Conj/Fire      18%        2d7       28%         4
 Frozen Ramparts          Ice            8%         1d2       32%         3


Dungeon Overview and Level Annotations

Branches:
Dungeon (3/15)

Altars:


Message History

Found 4 stones.
You see here 4 stones.
You now have 164 gold pieces (gained 13).
p - a wand of roots (13)
You open the door.
A bat comes into view.
Found a stone staircase leading down.
A bat is nearby!
A bat is nearby!
Casting: Scorch (safe; 3% risk of failure)
Confirm with . or Enter, or press ? or * to list all spells.
Flames lash the bat.
You kill the bat!
There is an open door here.
Found a quarterstaff.
You see here a bat corpse.
A goblin comes into view. It is wielding a +0 club.
A goblin is nearby!
A goblin is nearby!
A goblin is nearby!
Casting: Scorch (safe; 3% risk of failure)
Confirm with . or Enter, or press ? or * to list all spells.
The spell is quite dangerous to miscast (14% risk of failure)!
Continue anyway? [Y]es or [N]o only, please.
The spell is quite dangerous to miscast (14% risk of failure)!
Continue anyway?
A cloud of volatile blastmotes flares up around you!
Casting: Volatile Blastmotes (quite dangerous; 14% risk of failure)
Confirm with . or Enter, or press ? or * to list all spells.
The spell is quite dangerous to miscast (14% risk of failure)!
Continue anyway?
Aiming: Inner Flame (quite dangerous; 14% risk of failure)
Press: ? - help, Dir - move target, f - goblin
Aim: a goblin, wielding a +0 club (chance to affect: 80%)
The goblin is filled with an inner flame.
Casting: Inner Flame (quite dangerous; 14% risk of failure)
Confirm with . or Enter, or press ? or * to list all spells.
Flames lash the goblin.
The goblin explodes!
The fiery explosion engulfs you!!
Ouch! That really hurt!
You die...

#.# #.# ######.# ##+##
#......# ##)..##
#.###..# ##.....##
#.#....# #.##.......##
#.#.#.##
#.#..§.§....###.....####
..'..§)@....+.......)...
#.#..§.§....####...#####
##.......## ##.####
##..†..## #....# ##...##
####.# ####'## #.#
..##.# #.# #.##.# #.#
#.##.## #.#


There were no monsters in sight!

Vanquished Creatures
  Terence (D:2)
  Robin (D:2)
  3 adders (D:2)
  2 worms (D:2)
  4 dart slugs
  2 orcs
  2 ball pythons
  7 bats
  4 giant cockroaches
  10 goblins
  7 hobgoblins
  2 jackals (D:1)
  A quokka (D:2)
  4 frilled lizards
  4 kobolds
  4 rats
58 creatures vanquished.

Vanquished Creatures (collateral kills)
  4 foxfires (D:1)
4 creatures vanquished.

Vanquished Creatures (others)
  133 foxfires
133 creatures vanquished.

Grand Total: 195 creatures vanquished

Notes
Turn   | Place    | Note
-------+----------+-------------------------------------------
     0 | D:1      | Woods the Deep Elf Fire Elementalist began the quest for
                  | the Orb.
     0 | D:1      | Reached XP level 1. HP: 10/10 MP: 6/6
   337 | D:1      | Reached XP level 2. HP: 15/15 MP: 4/8
   385 | D:1      | Learned a level 2 spell: Scorch
   411 | D:1      | Found a faded altar of an unknown god.
  1125 | D:2      | Reached XP level 3. HP: 19/19 MP: 5/9
  1204 | D:2      | Identified the +3 buckler "City" {rElec Int+2 Stlth+}
  1378 | D:2      | Identified the +1 falchion of Silyt {antimagic, Dex+2}
  1622 | D:2      | Reached XP level 4. HP: 24/24 MP: 0/11
  1734 | D:2      | Noticed Robin
  1772 | D:2      | Killed Robin
  1921 | D:2      | Noticed Terence
  1935 | D:2      | Killed Terence
  2524 | D:3      | Learned a level 3 spell: Inner Flame
  2528 | D:3      | Learned a level 3 spell: Volatile Blastmotes
  2929 | D:3      | Killed by an exploding goblin... ignited by their inner
                  | flame

Illustrated notes

Levels and vault maps discovered:
D:1:      shiori_arrival_oz, layout_loops_ring, shapermc_ecumenical_altar_gd
D:2:      layout_loops_cross, uniq_terence, uniq_robin
D:3:      layout_loops_corners, tso_altar, nicolae_shop_vocational,
          uniq_crazy_yiuf_cottage

Skill      XL: |  1  2  3  4 |
---------------+-------------+-----
Stealth        | 3 |  3.7
Dodging        | 3 |  3.4
Conjurations   | 2 |  2.4
Spellcasting   | 4 |  4.1
Fire Magic     | 4 |  4.0

Action                     |  1- 3 |  4- 6 || total
---------------------------+-------+-------++-------
  Melee: Unarmed           |     8 |     2 ||    10
   Cast: Foxfire           |    55 |    28 ||    83
         Scorch            |    17 |    15 ||    32
         Volatile Blastmot |       |     3 ||     3
         Inner Flame       |       |     1 ||     1
 Armour: Robe              |     1 |       ||     1
  Dodge: Dodged            |    16 |     4 ||    20
